cohdb
Replays
Latest Replays
All Replays
Popular Replays
Top Player Replays
Match Explorer
How It Works
Community
CoH3 Stats
Reddit
Sign in to upload your games and track your stats! →
Sign in with Steam
Match 47012481
Unlisted
Match 47012481
Overview
Messages
Build Orders
End
Construct Section Command Post
Royal Engineer Section
Selects Indian Artillery Battlegroup
Infantry Section
Dingo Light Scout Car
Infantry Section
Construct Platoon Command Post
Infantry Training
Unlock M3 Stuart Light Tanks
6-pounder Anti-tank Gun Team
Grenade Package
6-pounder Anti-tank Gun Team
M3 Stuart Light Tank
Unlock Bishop Self-propelled Artillery
Bishop Self-propelled Artillery
Selects Artillery Saturation
Light Vehicle Training
Selects Valour
Selects Gurkha Rifles Section
Bishop Self-propelled Artillery
Gurkha Rifles Section
Royal Engineer Section
Bishop Self-propelled Artillery
W
Zuluuuuuuuuuu!
CAuMOH
K̳itsuné
0
0
Comments
sign in to comment!
No comments posted yet!